 Dungeon Crawl Stone Soup version 0.20.0-14-g326068f (console) character file.

107 Gottschkopf the Ducker (level 4, 0/24 HPs)
             Began as a Tengu Ice Elementalist on June 8, 2017.
             Succumbed to a killer bee's poison
             ... on level 2 of the Dungeon.
             The game lasted 00:05:59 (2411 turns).

Gottschkopf the Ducker (Tengu Ice Elementalist)     Turns: 2411, Time: 00:05:59

Health: 0/24       AC:  2    Str:  8    XL:     4   Next: 86%
Magic:  8/8        EV: 14    Int: 17    God:
Gold:   128        SH:  0    Dex: 14    Spells: 1/7 levels left

rFire    . . .     SeeInvis .   o - +0 short sword (elec)
rCold    . . .     Gourm    .   (no shield)
rNeg     . . .     Faith    .   a - +0 robe
rPois    .         Spirit   .   (helmet restricted)
rElec    .         Reflect  .   (no cloak)
rCorr    .         Harm     .   (no gloves)
MR       .....                  (boots unavailable)
Stlth    ++........             (no amulet)
Regen    0.1/turn               (no ring)
MPRegen  0.2/turn               (no ring)

@: lethally poisoned (0 -> -19)
A: beak, talons 3
a: no special abilities


You were on level 2 of the Dungeon.
You were not hungry.

You visited 1 branch of the dungeon, and saw 4 of its levels.

You collected 128 gold pieces.

Inventory:

Hand Weapons
 o - a +0 short sword of electrocution (weapon)
Armour
 a - a +0 robe (worn)
Jewellery
 m - an uncursed ring of fire
Scrolls
 e - a scroll of identify {unknown}
 f - a scroll of recharging {unknown}
 l - a scroll of teleportation {unknown}
 p - a scroll of remove curse {unknown}
 q - a scroll of magic mapping {unknown}
 r - a scroll of blinking {unknown}
Potions
 h - 2 potions of mutation {unknown}
 n - a potion of might {unknown}
Books
 b - a book of Frost

   Spells                             Type                      Level
   a - Freeze                         Ice                          1
   b - Throw Frost                    Conjuration/Ice              2
   c - Ozocubu's Armour               Charms/Ice                   3
   d - Throw Icicle                   Conjuration/Ice              4
   e - Summon Ice Beast               Ice/Summoning                4
 d - a book of Cantrips

   Spells                             Type                      Level
   a - Confusing Touch                Hexes                        1
   b - Animate Skeleton               Necromancy                   1
   c - Summon Small Mammal            Summoning                    1
   d - Apportation                    Translocation                1
Comestibles
 c - 2 bread rations
 g - a royal jelly
 i - 2 meat rations
 j - 2 fruits
 k - 5 chunks of flesh


   Skills:
 + Level 4.2 Dodging
 - Level 2.0 Stealth
 - Level 2.0 Spellcasting
 - Level 1.3 Conjurations
 + Level 1.2 Charms
 - Level 3.3 Ice Magic


You had one spell level left.
You knew the following spells:

 Your Spells              Type           Power        Failure   Level  Hunger
a - Freeze                Ice            ##..         4%          1    #......
b - Throw Frost           Conj/Ice       #.....       11%         2    ###....
c - Ozocubu's Armour      Chrm/Ice       #.......     22%         3    ###....


Dungeon Overview and Level Annotations

Branches:
Dungeon (4/15)
 Temple: D:4-7

Altars:

Annotations:
D:3 Grinder


Innate Abilities, Weirdness & Mutations

You have a beak for a mouth.
You have claws for feet.


Message History

Level annotation: Grinder A bat, 6 killer bees and a goblin come into view.
The killer bee buzzes angrily. x4
The killer bee stings you. x2
You are poisoned.
The killer bee poisons you! The killer bee stings you.
You are lethally poisoned!
The killer bee poisons you!
The goblin moves out of view.
The killer bee misses you.
The killer bee stings you but does no damage.
Found 10 gold pieces.
An ooze comes into view.
There is a stone staircase leading up, spattered with blood here.
You feel sick. The bat hits you but does no damage. The killer bee stings you.
* * * LOW HITPOINT WARNING * * *
The killer bee barely misses you. The killer bee stings you.
* * * LOW HITPOINT WARNING * * *
The killer bee closely misses you.
You climb upwards.
You die...

#.# #.##.##.# ####.# #.##.##.#
.....# ########## #.##.##.#
...#.# #........# #.##.##.#
.#.#.# #.######.# #.##.##.#
.#)..#####.# #.####.##.##.#
####.((....# #.##......##.#
.#...#####.######.##.###..##.#
.#.#.# #.....##.@b...# #..##.#
...#.###.###.##y#y##.###.###.#
#.##.##..# #...>.........# #.#
.....##..###.##.########## #.#
.<...........##.# #.####
................# #....#
##########.###### ####.#
.(......).....# #.#
.##.#########.# #.#


You could see 2 killer bees and a bat.

Vanquished Creatures
  Natasha (D:3)
  2 adders (D:2)
  2 dart slugs (D:1)
  An orc (D:3)
  5 bats
  5 hobgoblins
  10 jackals
  3 quokkas
  3 ball pythons
  5 frilled lizards
  8 goblins
  4 kobolds
  7 rats
56 creatures vanquished.

Notes
Turn   | Place    | Note
-------+----------+-------------------------------------------
     0 | D:1      | Gottschkopf the Tengu Ice Elementalist began the quest for the Orb.
     0 | D:1      | Reached XP level 1. HP: 10/10 MP: 4/4
   335 | D:1      | Reached XP level 2. HP: 4/15 MP: 3/6
   342 | D:1      | Learned a level 2 spell: Throw Frost
  1199 | D:2      | Reached skill level 3 in Dodging
  1203 | D:2      | Reached XP level 3. HP: 7/19 MP: 2/7
  1512 | D:2      | Learned a level 3 spell: Ozocubu's Armour
  1708 | D:2      | Reached XP level 4. HP: 18/24 MP: 1/8
  2213 | D:3      | Noticed Grinder
  2254 | D:3      | Noticed Natasha
  2264 | D:3      | Killed Natasha
  2264 | D:3      | Reached skill level 4 in Dodging
  2264 | D:3      | Reached skill level 1 in Charms
  2371 | D:3      | Noticed an ogre
  2378 | D:4      | Noticed a phantom
  2410 | D:3      | HP: 1/24 [killer bee (5)]
  2411 | D:2      | Succumbed to a killer bee's poison

Skill      XL: |  1  2  3  4 |
---------------+-------------+-----
Ice Magic      | 3 |  3.3
Dodging        | 3 4 |  4.2
Charms         | 1 |  1.2
Stealth        | |  2.0
Spellcasting   | |  2.0
Conjurations   | |  1.3

Action                   |  1- 3 |  4- 6 || total
-------------------------+-------+-------++-------
Melee: Dagger            |    11 |       ||    11
       Kick              |     3 |       ||     3
       Short sword       |       |     9 ||     9
       Peck              |       |     1 ||     1
 Cast: Freeze            |    53 |    21 ||    74
       Throw Frost       |     1 |     1 ||     2
  Use: Potion            |     1 |       ||     1
 Stab: Sleeping          |     1 |     3 ||     4
       Distracted        |       |     1 ||     1
  Eat: Chunk             |     3 |     3 ||     6
Armor: Robe              |     7 |     6 ||    13
Dodge: Dodged            |    45 |    33 ||    78
